 Dungeon Crawl Stone Soup version 0.28-a0-1190-g77e1c55843 (webtiles) character file.

Game seed: 651418882764523696

1637 bande the Chopper (level 8, 0/51 HPs)
             Began as a Gargoyle Fighter on Dec 19, 2021.
             Engulfed by a steam dragon's steam (6 damage)
             ... on level 6 of the Dungeon.
             The game lasted 00:07:47 (5617 turns).

bande the Chopper (Gargoyle Fighter)                Turns: 5617, Time: 00:07:48

Health: 0/51       AC: 16    Str: 20    XL:     8   Next: 98%
Magic:  8/8        EV:  7    Int: 15    God:
Gold:   245        SH:  5    Dex: 11    Spells: 7/7 levels left

rFire   . . .      SeeInvis .   a - +0 war axe
rCold   . . .      Faith    .   c - +0 buckler
rNeg    + . .      Spirit   .   g - +0 chain mail
rPois   ∞          Reflect  .   (no helmet)
rElec   +          Harm     .   m - scarf {repulsion}
rCorr   .          Rampage  .   (no gloves)
Will    .....                   (no boots)
Stlth   ..........              e - amulet of regeneration
HPRegen 0.97/turn               l - +6 ring of intelligence
MPRegen 0.11/turn               (no ring)

@: flying, repel missiles
A: sickness immunity, AC +5, negative energy resistance 1, electricity
resistance, torment resistance 1, petrification resistance, wild magic 1,
MP-powered wands
a: no special abilities


You were on level 6 of the Dungeon.
You visited 2 branches of the dungeon, and saw 7 of its levels.

You collected 245 gold pieces.

Inventory:

Hand Weapons
 a - a +0 war axe (weapon)
Armour
 c - a +0 buckler (worn)
 g - a +0 chain mail (worn)
 m - a scarf of repulsion (worn)
Jewellery
 e - an amulet of regeneration (around neck)
 h - an amulet of guardian spirit
 l - a +6 ring of intelligence (left hand)
Scrolls
 f - 3 scrolls of teleportation
Potions
 b - a potion of magic
 d - a potion of might
 j - 2 potions of heal wounds {unknown}
 k - a potion of flight
 o - a potion of lignification {unknown}


   Skills:
 + Level 5.7 Fighting
 + Level 7.5 Axes
 + Level 6.6 Armour
 - Level 0.1 Stealth
 + Level 5.0 Shields


You had 7 spell levels left.
You didn't know any spells.
Your spell library contained the following spells:

 Spells                   Type           Power      Damage    Failure   Level
 Animate Skeleton         Necr           0%         N/A       96%         1
 Pain                     Necr           0%         1d4       96%         1
 Vampiric Draining        Necr           0%         2d6       100%        3


Dungeon Overview and Level Annotations

Branches:
Dungeon (6/15)             Temple (1/1) D:6

Altars:
Ashenzari
Cheibriados
Gozag
Hepliaklqana
Kikubaaqudgha
Makhleb
Nemelex Xobeh
Ru
Sif Muna
Trog
Xom


Innate Abilities, Weirdness & Mutations

You are immune to sickness and miasma.
Your stone body is resilient. (AC +5)
You are immune to poison.
You resist negative energy. (rN+)
You are resistant to electric shocks. (rElec)
You are resistant to unholy torment.
You are immune to petrification.
Your spells are a little harder to cast, but a little more powerful.
You expend magic power (3 MP) to strengthen your wands.


Message History

The steam dragon bites you. The steam dragon claws you.
You hit the steam dragon.
The steam dragon is severely wounded.
The steam dragon bites you!
The steam dragon claws you but does no damage.
You barely miss the steam dragon.
The steam dragon is severely wounded.
You are engulfed in a cloud of scalding steam.
The steam dragon bites you. You block the steam dragon's attack.
The steam dragon breathes steam at you. The ball of steam hits you!
* * * LOW HITPOINT WARNING * * *
Cleave: a) +0 war axe
Press: ? - help, Dir - move target Your weapon can't reach that far!
Okay, then.
You closely miss the steam dragon.
The steam dragon is severely wounded.
The steam dragon bites you but does no damage.
The steam dragon claws you but does no damage.
You barely miss the steam dragon.
The steam dragon is severely wounded.
The steam dragon bites you but does no damage.
The steam dragon barely misses you.
You closely miss the steam dragon.
The steam dragon is severely wounded.
The steam dragon breathes steam at you. The ball of steam hits you!
* * * LOW HITPOINT WARNING * * *
You hit the steam dragon but do no damage.
The steam dragon is severely wounded.
You are engulfed in a cloud of scalding steam.
The steam dragon bites you but does no damage.
The steam dragon claws you but does no damage.
Unknown command.
It was a potion of flight.
You feel very buoyant.
You fly up into the air.
You are engulfed in a cloud of scalding steam.
You die...

#.#
#######.##.#
#.#
........?..##
#.#
.######.#####
#.#
#.........#
#.#
#.###......
#.# #####.#
#.# #.#
#.#####.# #.#
#.§@D...# #.#
#######.# #.#
#.# #.#
#####.#
#..<...
####.##.#.
..........
#...#...#.


You could see a steam dragon (catching breath).

Vanquished Creatures
  4 yaks (D:5)
  2 vampire mosquitoes (D:5)
  A black bear (D:4)
  An ice beast (D:5)
  A necrophage (D:4)
  An ogre (D:5)
  2 centaurs (D:5)
  2 hounds (D:5)
  2 jellies (D:5)
  2 bullfrog skeletons (D:6)
  An iguana (D:5)
  4 adders
  2 dart slugs (D:4)
  An orc (D:5)
  4 endoplasms
  2 giant cockroaches
  4 goblins
  6 hobgoblins
  9 jackals
  3 kobolds
  2 quokkas
  5 ball pythons
  3 bats
  4 frilled lizards
  3 rats
71 creatures vanquished.

Notes
Turn   | Place    | Note
-------+----------+-------------------------------------------
     0 | D:1      | bande the Gargoyle Fighter began the quest for the Orb.
     0 | D:1      | Reached XP level 1. HP: 14/14 MP: 1/1
    30 | D:1      | Reached XP level 2. HP: 19/19 MP: 2/2
   195 | D:1      | Found a faded altar of an unknown god.
   353 | D:1      | Reached skill level 2 in Axes
   504 | D:1      | Reached XP level 3. HP: 17/24 MP: 3/3
  1665 | D:3      | Gained mutation: You expend magic power (3 MP) to
                  | strengthen your wands. [potion of mutation]
  1665 | D:3      | Gained mutation: Your spells are a little harder to cast,
                  | but a little more powerful. [potion of mutation]
  1681 | D:3      | Reached XP level 4. HP: 29/29 MP: 4/4
  2227 | D:4      | Noticed a black bear
  2239 | D:4      | Killed a black bear
  2240 | D:4      | Reached skill level 3 in Axes
  2240 | D:4      | Reached XP level 5. HP: 17/33 MP: 5/5
  2496 | D:4      | Noticed a necrophage
  2507 | D:4      | Killed a necrophage
  2508 | D:4      | Reached skill level 4 in Axes
  2508 | D:4      | Reached XP level 6. HP: 38/38 MP: 6/6
  3075 | D:5      | Entered Level 5 of the Dungeon
  3115 | D:5      | Reached XP level 7. HP: 11/44 MP: 7/7
  3117 | D:5      | Reached skill level 5 in Axes
  3552 | D:5      | Reached skill level 5 in Armour
  4132 | D:6      | Found a staircase to the Ecumenical Temple.
  4142 | Temple   | Entered the Ecumenical Temple
  4360 | D:6      | Noticed a vampire mosquito
  4362 | D:6      | Noticed a vampire mosquito
  4391 | D:5      | Killed a vampire mosquito
  4392 | D:5      | Reached skill level 5 in Fighting
  4392 | D:5      | Reached skill level 6 in Axes
  4392 | D:5      | Reached XP level 8. HP: 27/49 MP: 8/8
  4806 | D:6      | Noticed a yak
  4806 | D:6      | Noticed a yak
  4807 | D:6      | Noticed a yak
  4833 | D:5      | Killed a yak
  5066 | D:5      | Killed a yak
  5067 | D:5      | Reached skill level 7 in Axes
  5299 | D:6      | Noticed a yak
  5309 | D:5      | Killed a yak
  5540 | D:5      | Killed a yak
  5541 | D:5      | Reached skill level 5 in Shields
  5617 | D:6      | Engulfed by a steam dragon's steam

Illustrated notes

Levels and vault maps discovered:
D:1:      moated_graveyard_arrival, layout_loops_ring, basic_ecumenical_altar
D:2:      layout_basic
D:3:      layout_basic
D:4:      layout_cave_pods
D:5:      layout_loops_cross
D:6:      layout_loops_ring, nicolae_tso_besieged_by_evil,
          minmay_temple_entry_junction_2
Temple:   chequers_temple_sunken

Skill      XL: |  1  2  3  4  5  6  7  8 |
---------------+-------------------------+-----
Axes           | 2 3 4 6 7 |  7.5
Fighting       | 4 5 |  5.7
Armour         | 4 5 6 |  6.6
Shields        | 4 5 |  5.0
Stealth        | |  0.1

Action                   |  1- 3 |  4- 6 |  7- 9 || total
-------------------------+-------+-------+-------++-------
Melee: War axe           |   121 |    69 |   115 ||   305
  Use: Scroll            |     4 |     3 |     2 ||     9
       Potion            |     1 |       |     1 ||     2
Armor: Scale mail        |    10 |       |       ||    10
       Chain mail        |    87 |    69 |    89 ||   245
Dodge: Dodged            |    61 |    35 |    43 ||   139
       Repelled          |       |       |     1 ||     1
Block: Buckler           |    21 |    13 |    34 ||    68

Table legend: (Time is in decaauts)
 A = Elapsed time spent in this place.
 B = Non-inter-level travel time spent in this place.
 C = Inter-level travel time spent in this place.
 D = Time resting spent in this place.
 E = Time spent auto-exploring this place.
 F = Levels seen in this place.
 G = Mean time per level.
                   A        B        C        D        E       F      G
               +--------+--------+--------+--------+--------+-----+--------+
         Total |   5772 |   5761 |     11 |   1596 |   3188 |   7 |  824.6 |
       Dungeon |   5528 |   5517 |     11 |   1596 |   3000 |   6 |  921.3 |
        Temple |    243 |    243 |      0 |      0 |    188 |   1 |  243.0 |
               +--------+--------+--------+--------+--------+-----+--------+

Top non-repeatable levels by time:
     D:5: 2157 daAuts
     D:1: 949 daAuts
     D:4: 925 daAuts
     D:2: 757 daAuts
     D:3: 507 daAuts
  Temple: 243 daAuts
     D:6: 230 daAuts
